 Dungeon Crawl Stone Soup version 0.27-a0-287-gd4424db430 (webtiles) character file.

Game seed: 14653609224391679622

1132 HoaS the Cruncher (level 8, -1/44 HPs)
             Began as a Gargoyle Gladiator on Feb 8, 2021.
             Killed from afar by an orc wizard (11 damage)
             ... with a puff of flame
             ... on level 6 of the Dungeon.
             The game lasted 00:09:33 (4143 turns).

HoaS the Cruncher (Gargoyle Gladiator)              Turns: 4143, Time: 00:09:34

Health: -1/44      AC: 13    Str: 22    XL:     8   Next: 36%
Magic:  8/8        EV: 10    Int: 10    God:
Gold:   207        SH:  0    Dex: 11    Spells: 7/7 levels left

rFire    . . .     SeeInvis .   w - +1 lajatang
rCold    . . .     Faith    .   (shield currently unavailable)
rNeg     + . .     Spirit   .   t - +1 scale mail "Ubrett" {+Inv Regen+ Str+3}
rPois    ∞         Reflect  .   c - +0 helmet
rElec    +         Harm     .   (no cloak)
rCorr    .         Rampage  .   (no gloves)
Will     +....                  (no boots)
Stlth    ..........             h - amulet of the acrobat
HPRegen  0.54/turn              g - ring of willpower
MPRegen  0.11/turn              (no ring)

@: no status effects
A: negative energy resistance 1, electricity resistance, unbreathing,
petrification resistance, miasma immunity, AC +5
a: Evoke Invisibility


You were on level 6 of the Dungeon.
You visited 1 branch of the dungeon, and saw 6 of its levels.

You collected 402 gold pieces.
You spent 195 gold pieces at shops.

Inventory:

Hand Weapons
 e - a +0 quarterstaff
 w - a +1 lajatang (weapon)
Missiles
 d - 3 throwing nets (quivered)
Armour
 c - a +0 helmet (worn)
 o - a +0 plate armour
 t - the +1 scale mail "Ubrett" (worn) {+Inv Regen+ Str+3}
   (You found it on level 5 of the Dungeon)

   It affects your strength (+3).
   It lets you turn invisible.
   It increases your rate of regeneration.
Jewellery
 g - a ring of willpower (left hand)
 h - an amulet of the acrobat (around neck)
Wands
 r - a wand of mindburst (9)
Scrolls
 k - 2 scrolls of teleportation
 m - 2 scrolls of remove curse
 q - a scroll of blinking
Potions
 a - 2 potions of lignification
 b - a potion of might
 i - 4 potions of curing
 j - a potion of berserk rage
 l - 2 potions of heal wounds
 n - a potion of cancellation {unknown}
 p - a potion of flight {unknown}


   Skills:
 - Level 2.1 Fighting
 * Level 10.0 Staves
 - Level 0.5 Bows
 - Level 1.7 Throwing
 - Level 2.4 Dodging
 - Level 0.7 Invocations


You had 7 spell levels left.
You didn't know any spells.
Your spell library contained the following spells:

 Spells                   Type           Power        Failure   Level
 Shock                    Conj/Air       0%           71%         1
 Swiftness                Air            0%           85%         2
 Static Discharge         Conj/Air       0%           97%         3
 Airstrike                Air            0%           100%        4
 Lightning Bolt           Conj/Air       0%           100%        5


Dungeon Overview and Level Annotations

Branches:
Dungeon (6/15)
 Temple: D:4-7

Altars:
Elyvilon
Hepliaklqana
Sif Muna
Xom
The Shining One

Shops:
D:6 (


Innate Abilities, Weirdness & Mutations

You are resistant to torment.
Your stone body is resilient. (AC +5)
You are immune to poison.
You resist negative energy. (rN+)
You are resistant to electric shocks. (rElec)
You can survive without breathing.
You are immune to petrification.
You are immune to miasma.


Message History

You hear some strange, mumbled words.
A puff of flame appears from out of thin air!
The puff of flame hits you!
* * * LOW HITPOINT WARNING * * *
You closely miss the orc. You closely miss something.
You hit something but do no damage. Something hits you but does no damage.
You miss something. You miss something. Something hits you but does no damage.
You closely miss something. Something hits you but does no damage.
You closely miss something.
You hear some strange, mumbled words.
Something tries to affect you, but you resist.
You closely miss something. Something hits you.
* * * LOW HITPOINT WARNING * * *
You closely miss something.
You hear some strange, mumbled words.
A puff of flame appears from out of thin air!
The puff of flame hits you!
You die...

##...#.##
#.###...####.........#
..# #......+.........+
#.###...####.........
##...#.## .....?.
##.#### ..... #.# .o.
#.# #{# #.# #@########
#.###### #.(......#
#......# ##.######.#
######.# ##...##
#.#####.....#..
#.....†.†.....#
#########.##### #.#
#.#


You could see an orc.

Vanquished Creatures
  2 orc warriors (D:6)
  A sky beast (D:3)
  An ogre (D:5)
  A phantom (D:4)
  4 bullfrogs
  A howler monkey (D:6)
  3 hounds
  An orc priest (D:6)
  2 iguanas
  An orc wizard (D:6)
  2 worker ants
  5 adders
  An ooze (D:3)
  An adder zombie (D:6)
  4 worms
  3 dart slugs
  6 leopard geckos
  3 orcs (D:6)
  A giant cockroach (D:6)
  7 goblins
  9 hobgoblins
  5 jackals
  4 kobolds
  4 quokkas
  3 bats
  6 frilled lizards
  A leopard gecko zombie (D:3)
  11 rats
93 creatures vanquished.

Notes
Turn   | Place    | Note
-------+----------+-------------------------------------------
     0 | D:1      | HoaS the Gargoyle Gladiator began the quest for the Orb.
     0 | D:1      | Reached XP level 1. HP: 12/12 MP: 1/1
    76 | D:1      | Reached XP level 2. HP: 17/17 MP: 2/2
   309 | D:1      | Reached XP level 3. HP: 19/21 MP: 3/3
   328 | D:1      | Reached skill level 4 in Staves
   964 | D:2      | Found a hazy altar of Hepliaklqana.
  1020 | D:2      | Reached XP level 4. HP: 26/26 MP: 4/4
  1057 | D:2      | Found a faded altar of an unknown god.
  1071 | D:2      | Found a glowing golden altar of the Shining One.
  1461 | D:3      | You fall into a shaft and drop 1 floor!
  1461 | D:4      | Found a white marble altar of Elyvilon.
  1480 | D:4      | Reached skill level 5 in Staves
  1584 | D:3      | Noticed a sky beast
  1597 | D:3      | Reached XP level 5. HP: 25/30 MP: 5/5
  1620 | D:3      | Killed a sky beast
  1621 | D:3      | Reached skill level 6 in Staves
  1740 | D:3      | Reached XP level 6. HP: 35/35 MP: 6/6
  1828 | D:3      | You fall into a shaft and drop 2 floors!
  1828 | D:5      | Entered Level 5 of the Dungeon
  2191 | D:3      | Reached skill level 7 in Staves
  2246 | D:3      | Found a shimmering altar of Xom.
  2608 | D:4      | Reached XP level 7. HP: 38/40 MP: 7/7
  3211 | D:5      | Found a shimmering blue altar of Sif Muna.
  3534 | D:5      | Got an encrusted scale mail
  3536 | D:5      | Identified the +1 scale mail "Ubrett" {+Inv Regen+ Str+3}
                  | (You found it on level 5 of the Dungeon)
  3590 | D:6      | Reached skill level 8 in Staves
  3781 | D:6      | Found Saylus's Weapon Shop.
  3791 | D:6      | Bought a +0 lajatang for 195 gold pieces
  3889 | D:6      | Reached skill level 9 in Staves
  3945 | D:6      | Reached XP level 8. HP: 44/44 MP: 8/8
  4134 | D:6      | Reached skill level 10 in Staves
  4143 | D:6      | Killed from afar by an orc wizard

Illustrated notes

Levels and vault maps discovered:
D:1:      minmay_arrival_open_corners, layout_loops_ring
D:2:      layout_basic, lemuel_doored_altar, nzn_hepliaklqana_mist_gate,
          chequers_ecumenical_altar_twisty
D:3:      layout_basic, serial_park_tiny_2, tgw_xom
D:4:      layout_basic, nicolae_overflow_crystal_walls
D:5:      layout_basic, lemuel_blue_sif_altar
D:6:      layout_loops_corners, serial_shops, shop_coins

Skill      XL: |  1  2  3  4  5  6  7  8 |
---------------+-------------------------+-----
Staves         | 4 5 6 7 9 10 | 10.0
Fighting       | |  2.1
Bows           | |  0.5
Throwing       | |  1.7
Dodging        | |  2.4
Invocations    | |  0.7

Action                   |  1- 3 |  4- 6 |  7- 9 || total
-------------------------+-------+-------+-------++-------
Melee: Quarterstaff      |    97 |   129 |    52 ||   278
       Lajatang          |       |       |    97 ||    97
  Use: Scroll            |     2 |     8 |     5 ||    15
Armor: Leather armour    |    22 |       |       ||    22
       Ring mail         |    11 |     7 |       ||    18
       Chain mail        |       |    45 |       ||    45
       Plate armour      |       |    13 |     6 ||    19
       Scale mail        |       |       |    54 ||    54
Dodge: Dodged            |    51 |    47 |    44 ||   142

Table legend: (Time is in decaauts)
 A = Elapsed time spent in this place.
 B = Non-inter-level travel time spent in this place.
 C = Inter-level travel time spent in this place.
 D = Time resting spent in this place.
 E = Time spent auto-exploring this place.
 F = Levels seen in this place.
 G = Mean time per level.
                   A        B        C        D        E       F      G
               +--------+--------+--------+--------+--------+-----+--------+
         Total |   4147 |   3727 |    420 |    159 |   2744 |   6 |  691.2 |
       Dungeon |   4147 |   3727 |    420 |    159 |   2744 |   6 |  691.2 |
               +--------+--------+--------+--------+--------+-----+--------+

Top non-repeatable levels by time:
     D:3: 829 daAuts
     D:1: 827 daAuts
     D:5: 764 daAuts
     D:2: 617 daAuts
     D:4: 561 daAuts
     D:6: 547 daAuts
